 Dungeon Crawl Stone Soup version 0.22-a0-619-ga0c6fd2 (webtiles) character file.

31526 Amnesiac the Thaumaturge (level 13, -2/86 HPs)
             Began as a Mummy Wizard on July 14, 2018.
             Was a High Priest of Vehumet.
             Slain by a shadow wraith (15 damage)
             ... on level 14 of the Dungeon.
             The game lasted 00:31:38 (18752 turns).

Amnesiac the Thaumaturge (Mummy Wizard)            Turns: 18752, Time: 00:31:39

Health: -2/86      AC:  7    Str: 11    XL:     13   Next: 26%
Magic:  9/29       EV: 12    Int: 22    God:    Vehumet [*****.]
Gold:   481        SH:  0    Dex: 10    Spells: 0/36 levels left

rFire    + + +     SeeInvis .   a - +9 trident "Homo" {pierce, *Rage +Inv rElec rF+++}
rCold    . . .     Gourm    .   (no shield)
rNeg     + + +     Faith    .   I - +1 robe {rC+}
rPois    ∞         Spirit   .   (no helmet)
rElec    +         Reflect  .   r - +0 cloak
rCorr    .         Harm     .   D - +2 pair of gloves
MR       +....                  (no boots)
Stlth    ++........             E - amulet of the acrobat
HPRegen  0.24/turn              v - ring of fire (curse)
MPRegen  0.21/turn              c - ring of fire

@: no status effects
A: no food or potions, fire vulnerability, cold resistance 1, negative energy
resistance 3, torment resistance, unbreathing, in touch with death 1
a: Renounce Religion, Evoke Invisibility


You were on level 14 of the Dungeon.
You worshipped Vehumet.
Vehumet was extremely pleased with you.
You were not hungry.

You visited 2 branches of the dungeon, and saw 15 of its levels.

You collected 903 gold pieces.
You spent 422 gold pieces at shops.

Inventory:

Hand Weapons
 a - the +9 trident "Homo" (weapon) {pierce, *Rage +Inv rElec rF+++}
   (You took it off a spriggan on level 11 of the Dungeon)

   It inflicts extra damage upon your enemies.
   It renders you almost immune to fire.
   It insulates you from electricity.
   It lets you turn invisible.
   It may make you go berserk in combat.
 n - a +0 blowgun
 A - a +4 hand crossbow of flaming
Missiles
 h - 67 poisoned needles
 s - 25 bolts
Armour
 m - a +2 ring mail of fire resistance
 r - a +0 cloak (worn)
 D - a +2 pair of gloves (worn)
 I - a +1 robe of cold resistance (worn)
Magical Staves
 b - an uncursed staff of energy
 J - an uncursed staff of poison {unknown}
Jewellery
 c - a ring of fire (right hand)
 u - an uncursed amulet of regeneration
 v - a cursed ring of fire (left hand)
 E - an amulet of the acrobat (around neck)
 H - an uncursed ring of ice
Wands
 e - a wand of random effects (32)
 f - a wand of paralysis (17)
 j - a wand of clouds (8)
 k - a wand of polymorph (20)
 o - a wand of disintegration (6)
 p - a wand of acid (13)
 x - a wand of flame (27)
 B - a wand of enslavement (16)
Scrolls
 d - 2 scrolls of enchant armour {!r}
 g - 3 scrolls of fear {!r}
 i - 5 scrolls of remove curse {!r}
 l - a scroll of magic mapping {!r}
 q - 8 scrolls of teleportation {!r}
 t - 5 scrolls of fog {!r}
 w - 6 scrolls of amnesia {!r}
 y - 13 scrolls of identify {!r}
 C - a scroll of torment {!r}
Potions
 G - a potion of lignification {!q}
Miscellaneous
 z - a lightning rod (4/4)
 F - a sack of spiders


   Skills:
 + Level 3.2 Fighting
 + Level 2.9 Dodging
 - Level 1.5 Stealth
 - Level 12.0 Spellcasting
 - Level 12.0 Conjurations
 - Level 0.7 Summonings
 - Level 8.1 Necromancy
 - Level 0.7 Translocations
 + Level 4.3 Fire Magic
 - Level 9.0 Evocations


You couldn't memorise any spells.
You knew the following spells:

 Your Spells              Type           Power        Failure   Level  Hunger
a - Bolt of Fire          Conj/Fire      #######...   7%          6    N/A
b - Call Imp              Summ           ###.....     5%          2    N/A
c - Magic Dart            Conj           ####         1%          1    N/A
d - Fireball              Conj/Fire      #######...   1%          5    N/A
e - Iskenderun's Mystic   Conj           ######..     1%          4    N/A
f - Vampiric Draining     Necr           ######....   1%          3    N/A
g - Mephitic Cloud        Conj/Pois/Air  ####....     1%          3    N/A
h - Spellforged Servitor  Conj/Summ      #####.....   58%         7    N/A
s - Conjure Flame         Conj/Fire      #######.     1%          3    N/A
v - Blink                 Tloc           N/A          5%          2    N/A

Your spell library contained the following spells:

 Spells                   Type           Power        Failure   Level  Hunger
 Slow                     Hex            ##......     8%          2    N/A
 Ring of Flames           Chrm/Fire      ######....   100%        7    N/A
 Animate Dead             Necr           N/A          1%          4    N/A
 Pain                     Necr           ####         1%          1    N/A
 Animate Skeleton         Necr           N/A          1%          1    N/A
 Regeneration             Chrm/Necr      #####.....   2%          3    N/A
 Deflect Missiles         Chrm/Air       ##........   100%        6    N/A
 Ignite Poison            Fire/Tmut/Pois #####...     2%          3    N/A
 Silence                  Hex/Air        ##........   80%         5    N/A
 Conjure Ball Lightning   Conj/Air       #####.....   17%         6    N/A
 Tornado                  Air            ##........   100%        9    N/A
 Fulminant Prism          Conj/Hex       #####.....   1%          4    N/A
 Dazzling Spray           Conj/Hex       #####.       1%          3    N/A
 Force Lance              Conj/Tloc      #####...     1%          4    N/A
 Searing Ray              Conj           ######       1%          2    N/A
 Summon Lightning Spire   Summ/Air       ##......     38%         4    N/A
 Ignition                 Fire           ######....   100%        8    N/A

Dungeon Overview and Level Annotations

Branches:
Dungeon (14/15)            Temple (1/1) D:5            Lair (0/6) D:8
    Orc (0/2) D:9
 Vaults: D:13-14

Altars:
Ashenzari
Cheibriados
Dithmenos
Elyvilon
Fedhas
Gozag
Hepliaklqana
Kikubaaqudgha
Makhleb
Nemelex Xobeh
Okawaru
Qazlal
Ru
Sif Muna
Trog
Uskayaw
Vehumet
Wu Jian
Xom
Yredelemnul
Zin
The Shining One
Beogh

Shops:
D:5 *   D:9 ?   D:13 [


Innate Abilities, Weirdness & Mutations

You do not eat or drink.
Your flesh is vulnerable to fire.
You are immune to poison.
Your flesh is cold resistant. (rC+)
You are immune to negative energy. (rN+++)
You are immune to unholy pain and torment.
You can survive without breathing.
You are in touch with the powers of death.


Message History

The centaur warrior zombie hits you.
A centaur warrior comes into view.
The troll closely misses you. The troll claws you.
The troll claws you but does no damage.
The centaur warrior zombie is engulfed in blazing flames.
You destroy the centaur warrior zombie!
Vehumet accepts your kill.
You feel your power returning.
A bullfrog comes into view.
The centaur warrior shouts!
The centaur warrior wields a longbow.
The centaur warrior shoots an arrow.
The arrow misses you.
You open the door. The troll bites you.
The troll claws you but does no damage. x2
There is an open door here.
You puncture the troll!
The troll is moderately wounded.
The troll bites you!
The troll claws you but does no damage. x2
Casting: Conjure Flame (safe; 1% risk of failure)
Confirm with . or Enter, or press ? or * to list all spells.
Aiming: Bolt of Fire (slightly dangerous; 8% risk of failure)
Press: ? - help, Shift-Dir - straight line, f - centaur warrior
Aim: a centaur warrior, wielding a longbow You feel a strong surge of power!
The bolt of fire hits the troll.
You kill the troll!
Vehumet accepts your kill.
You feel your power returning.
The bolt of fire hits the centaur warrior.
The centaur warrior is severely wounded.
The centaur warrior shoots an arrow.
The arrow hits you!
Casting: Bolt of Fire (slightly dangerous; 7% risk of failure)
Confirm with . or Enter, or press ? or * to list all spells.
Aiming: Bolt of Fire (slightly dangerous; 7% risk of failure)
Press: ? - help, Shift-Dir - straight line, f/p - centaur warrior
Aim: a centaur warrior, wielding a longbow (severely wounded)
You feel a strong surge of power!
The bolt of fire hits the centaur warrior.
You kill the centaur warrior!
Vehumet accepts your kill.
You feel your power returning.
Your Fighting skill increases to level 3!
You hit the bullfrog.
The bullfrog is moderately wounded.
The bullfrog hits you but does no damage.
The bullfrog barely misses you.
You puncture the bullfrog!
The bullfrog is severely wounded.
The bullfrog hits you but does no damage.
The bullfrog misses you.
A bullfrog is nearby!
You puncture the bullfrog!
You kill the bullfrog!
Vehumet accepts your kill.
You feel your power returning. Something hits you!
* * * LOW HITPOINT WARNING * * *
Deactivating autopickup; reactivate with Ctrl-A.
No target in view!
No target in view!
You start resting.
Something barely misses you.
You swing at nothing.
Something hits you!
* * * LOW HITPOINT WARNING * * *
Something is blocking the doorway!
Something hits you!
* * * LOW HITPOINT WARNING * * *
Something is blocking the doorway!
Something hits you!
You die...

#+## ... #####.####### #
#.%......(#.###.#
#...c.....#.@(..#
#.#......F..#)##..+
#.#.........#.F+..#
......$.....$##### ...#
#.........#(.+..# #..##
#.........#.##..+ #.).
#.........#.. ..# #.. .
#.........#.###.# #.# ..
.#####.#########.#####.#
...


There were no monsters in sight!

Vanquished Creatures
  Frances (D:13)
  The ghost of wellist the Protected, a journeyman DDFi of Makhleb (D:11)
  Fannar (D:12)
  2 hydras (D:11)
  A centaur warrior (D:14)
  5 two-headed ogres
  A death knight (D:11)
  Urug (D:12)
  An unseen horror (D:10)
  2 ugly things (D:12)
  A manticore (D:13)
  7 cyclopes
  Joseph (D:9)
  Psyche (D:12)
  A centaur skeleton (D:13)
  2 gargoyles
  An efreet (D:13)
  4 trolls
  5 hippogriffs
  2 slime creatures (D:14)
  Sigmund (D:3)
  3 spriggans (D:11)
  A shadow (D:11)
  4 hogs (D:7)
  Eustachio (D:5)
  A basilisk (D:12)
  12 yaks
  A human (D:7)
  A hungry ghost (D:11)
  3 vampire mosquitoes (D:12)
  Menkaure (D:5)
  An acid dragon (D:11)
  Edmund (D:5)
  An acid dragon (shapeshifter) (D:13)
  A water moccasin (D:11)
  3 orc warriors
  4 black bears
  6 ice beasts
  4 sky beasts
  2 eyes of draining
  A necrophage (D:13)
  7 phantoms
  3 wolves (D:8)
  9 ogres
  A crocodile (D:12)
  11 centaurs
  A gnoll sergeant (D:9)
  8 bullfrogs
  4 scorpions (D:9)
  A wyvern skeleton (D:10)
  A water moccasin skeleton (D:4)
  13 killer bees
  3 electric eels (D:8)
  5 howler monkeys
  10 wights
  A lava snake (D:10)
  14 crimson imps
  3 centaur zombies
  3 bullfrog zombies
  13 hounds
  Crazy Yiuf (D:5)
  2 bullfrog skeletons
  3 orc priests
  11 jellies
  13 orc wizards
  7 iguanas
  8 worker ants
  Terence (D:3)
  2 hound skeletons
  A worker ant zombie (D:6)
  7 gnolls (D:5)
  2 howler monkey skeletons
  11 adders
  4 shadow imps
  A white imp (D:11)
  3 oozes
  An adder skeleton (D:9)
  3 worms
  6 leopard geckos
  33 orcs
  A ball python (D:7)
  8 bats
  3 giant cockroaches
  7 goblins
  7 hobgoblins
  3 jackals (D:10)
  2 quokkas
  11 frilled lizards
  6 kobolds
  A leopard gecko zombie (D:6)
  A quokka zombie (D:9)
  10 rats
385 creatures vanquished.

Vanquished Creatures (collateral kills)
  An adder (D:3)
  A giant cockroach (D:4)
2 creatures vanquished.

Vanquished Creatures (others)
  3 fungi (D:11)
  A plant (D:12)
4 creatures vanquished.

Grand Total: 391 creatures vanquished

Notes
Turn   | Place    | Note
-------+----------+-------------------------------------------
     0 | D:1      | Amnesiac the Mummy Wizard began the quest for the Orb.
     0 | D:1      | Reached XP level 1. HP: 13/13 MP: 5/5
    71 | D:1      | Reached skill level 1 in Conjurations
   262 | D:2      | Reached XP level 2. HP: 14/19 MP: 0/7
   618 | D:3      | Learned a level 2 spell: Call Imp
   904 | D:3      | Reached XP level 3. HP: 11/24 MP: 0/8
   909 | D:3      | Learned a level 3 spell: Conjure Flame
   913 | D:3      | Learned a level 3 spell: Mephitic Cloud
  1062 | D:4      | Reached XP level 4. HP: 27/30 MP: 6/10
  1170 | D:4      | Reached XP level 5. HP: 30/35 MP: 7/11
  1343 | D:4      | HP: 1/35 [orc/hand axe of electrocution (8)]
  2184 | D:4      | Noticed a phantom
  2219 | D:4      | Killed a phantom
  2219 | D:4      | Reached skill level 5 in Conjurations
  2219 | D:4      | Reached XP level 6. HP: 41/41 MP: 11/13
  2618 | D:5      | Entered Level 5 of the Dungeon
  2648 | D:5      | Found Puemike's Assorted Antiques.
  2664 | D:5      | Found a runed door.
  2668 | D:5      | Noticed Crazy Yiuf
  2673 | D:5      | Killed Crazy Yiuf
  2673 | D:5      | Reached skill level 5 in Spellcasting
  2706 | D:5      | Bought a scroll labeled SUVAIMENA for 25 gold pieces
  2706 | D:5      | Bought a blackened wooden ring for 125 gold pieces
  3011 | D:5      | Found a hazy altar of Hepliaklqana.
  3022 | D:5      | Noticed a hippogriff
  3659 | D:4      | Killed a hippogriff
  3659 | D:4      | Reached XP level 7. HP: 19/46 MP: 11/15
  3962 | D:5      | Found a shattered altar of Ashenzari.
  4004 | D:5      | Noticed Menkaure
  4012 | D:5      | Killed Menkaure
  4162 | D:5      | Noticed Edmund
  4182 | D:5      | Killed Edmund
  4182 | D:5      | Reached XP level 8. HP: 34/52 MP: 11/18
  4746 | D:5      | Found a staircase to the Ecumenical Temple.
  4759 | Temple   | Entered the Ecumenical Temple
  4979 | Temple   | Became a worshipper of Vehumet
  5057 | D:5      | Learned a level 2 spell: Blink
  5254 | D:5      | Bought a scroll of identify for 50 gold pieces
  6331 | D:2      | Found a sparkling altar of Nemelex Xobeh.
  6331 | D:2      | Found a glowing golden altar of the Shining One.
  6332 | D:2      | Found a stormy altar of Qazlal.
  6333 | D:2      | Found a hide-covered altar of Uskayaw.
  6775 | D:3      | Noticed Sigmund
  6781 | D:3      | Noticed Terence
  6789 | D:3      | Killed Terence
  6789 | D:3      | Reached * piety under Vehumet
  6789 | D:3      | Offered knowledge of Sting by Vehumet.
  6792 | D:3      | Killed Sigmund
  7289 | D:3      | Found a bloodstained altar of Trog.
  7681 | D:6      | Found a blossoming altar of Fedhas.
  7708 | D:6      | Learned a level 3 spell: Vampiric Draining
  7812 | D:6      | Noticed Eustachio
  7816 | D:6      | Reached XP level 9. HP: 57/57 MP: 21/21
  7833 | D:5      | Killed Eustachio
  7833 | D:5      | Reached skill level 1 in Necromancy
  8267 | D:6      | Found a basalt altar of Yredelemnul.
  8505 | D:6      | Found a deep blue altar of Sif Muna.
  8509 | D:6      | Offered knowledge of Shock by Vehumet.
  8511 | D:6      | Reached ** piety under Vehumet
  9026 | D:7      | Reached XP level 10. HP: 62/63 MP: 19/23
  9096 | D:7      | Noticed a two-headed ogre
  9332 | D:7      | Killed a two-headed ogre
  9332 | D:7      | Reached skill level 10 in Spellcasting
  9332 | D:7      | Reached skill level 10 in Conjurations
  9895 | D:8      | Found a staircase to the Lair.
  9913 | D:8      | Noticed a two-headed ogre
  9919 | D:8      | Reached skill level 5 in Necromancy
  9924 | D:8      | Offered knowledge of Inner Flame by Vehumet.
  9936 | D:8      | Killed a two-headed ogre
 10433 | D:8      | Reached *** piety under Vehumet
 10672 | D:8      | Found an opulent altar of Gozag.
 11052 | D:8      | Learned a level 4 spell: Iskenderun's Mystic Blast
 11220 | D:9      | Identified a paperback manual
 11266 | D:9      | Offered knowledge of Olgreb's Toxic Radiance by Vehumet.
 11411 | D:9      | Reached XP level 11. HP: 67/68 MP: 24/26
 11721 | D:9      | Found a staircase to the Orcish Mines.
 11760 | D:9      | Found a roughly hewn altar of Beogh.
 11917 | D:9      | Noticed Joseph
 11940 | D:9      | Killed Joseph
 12002 | D:9      | Found Qynt's Magic Scroll Shoppe.
 12009 | D:9      | Bought a scroll of enchant armour for 90 gold pieces
 12009 | D:9      | Bought a scroll of immolation for 42 gold pieces
 12009 | D:9      | Bought a scroll of holy word for 90 gold pieces
 12295 | D:9      | Reached **** piety under Vehumet
 12774 | D:10     | Entered Level 10 of the Dungeon
 12799 | D:10     | Offered knowledge of Throw Icicle by Vehumet.
 13068 | D:10     | Killed an unseen horror
 13299 | D:10     | Noticed a two-headed ogre
 13320 | D:9      | Killed a two-headed ogre
 13574 | D:10     | Reached ***** piety under Vehumet
 13574 | D:10     | Offered knowledge of Sticky Flame by Vehumet.
 14090 | D:11     | Noticed a five-headed hydra
 14095 | D:11     | Killed a five-headed hydra
 14475 | D:11     | Noticed an eight-headed hydra
 14532 | D:11     | Killed an eight-headed hydra
 14532 | D:11     | Reached XP level 12. HP: 10/74 MP: 17/28
 14844 | D:11     | Learned a level 5 spell: Fireball
 14889 | D:11     | Noticed a death knight
 14912 | D:11     | Killed a death knight
 15070 | D:11     | Found a runed door.
 15075 | D:11     | Noticed wellist's ghost (journeyman DDFi)
 15195 | D:11     | Reached skill level 5 in Evocations
 15199 | D:11     | Killed wellist's ghost
 15203 | D:11     | Got a shimmering trident {pierce}
 15204 | D:11     | Identified the +9 trident "Homo" {pierce, *Rage +Inv rElec rF+++} (You took it off a spriggan on level 11 of the Dungeon)
 15329 | D:12     | Noticed Psyche
 15332 | D:12     | Killed Psyche
 16326 | D:12     | Noticed Fannar
 16449 | D:12     | Killed Fannar
 16557 | D:12     | Learned a level 6 spell: Bolt of Fire
 16613 | D:12     | Noticed Urug
 16618 | D:12     | Killed Urug
 16939 | D:13     | Found Meuluqiu's Armour Shoppe.
 17067 | D:13     | Noticed a two-headed ogre
 17072 | D:13     | Killed a two-headed ogre
 17072 | D:13     | Reached skill level 1 in Fire Magic
 17080 | D:13     | Noticed Frances
 17081 | D:13     | Noticed a two-headed ogre
 17083 | D:13     | Killed a two-headed ogre
 17087 | D:13     | Killed Frances
 17087 | D:13     | Gained mutation: You are in touch with the powers of death. [Mummy growth]
 17087 | D:13     | Reached XP level 13. HP: 79/79 MP: 9/29
 17535 | D:13     | Reached skill level 1 in Fighting
 17559 | D:13     | Offered knowledge of Spellforged Servitor by Vehumet.
 17634 | D:13     | Learned a level 7 spell: Spellforged Servitor
 17898 | D:13     | Found a blossoming altar of Fedhas.
 18752 | D:14     | Slain by a shadow wraith

Vault maps used:
D:1:      dpeg_arrival_stone_temple_mockup
D:2:      chequers_temple_overflow_statue_of_worship
D:3:      kennysheep_cluttered_room, kennysheep_nub, lemuel_tele_altar,
          uniq_terence, uniq_sigmund
D:4:      corexii_shack_village, first_ration, minivault_24
D:5:      nicolae_ashenzari_panopticon, overflow_temple_1_default, temple_hall,
          serial_shops, shop, amethyst_killhole, uniq_menkaure,
          uniq_crazy_yiuf_cottage, uniq_edmund
D:6:      kennysheep_orc_sif_temple, lemuel_doored_altar, kennysheep_mini_moat,
          uniq_eustachio
D:7:      black_bear_nest_2, grunt_livestock
D:8:      grunt_gozag_breadcrumbs, erik_lair_island
D:9:      cheibrodos_ideogram_h, minmay_orc_entry_temple_small, serial_shops,
          shop, uniq_joseph
D:10:     kennysheep_generic_room_16
D:11:     ebering_ghost_funeral_grove, minmay_fire_ice_demons
D:12:     small_statue_intersection, serial_bayou_pond_d, minmay_lizard_king,
          uniq_psyche, uniq_urug, uniq_fannar
D:13:     serial_shops, nicolae_shop_competitors_out_of_business,
          fedhas_altar_fruit_tree, uniq_frances
D:14:     minmay_the_grid_3x2, grunt_vaults_entry_tiered,
          ebering_ghost_rock_garden
Temple:   nicolae_temple_figure_eight

Skill      XL: |  1  2  3  4  5  6  7  8  9 10 11 12 13 |
---------------+----------------------------------------+-----
Conjurations   | 1 2 3 4 5 6 8 9 11 12 | 12.0
Spellcasting   | 5 6 8 9 11 12 | 12.0
Necromancy     | 3 6 8 |  8.1
Evocations     | 3 9 |  9.0
Fire Magic     | 3 4 |  4.3
Fighting       | 3 |  3.2
Dodging        | 2 |  2.9
Stealth        | |  1.5
Summonings     | |  0.7
Translocations | |  0.7

Action                   |  1- 3 |  4- 6 |  7- 9 | 10-12 | 13-15 || total
-------------------------+-------+-------+-------+-------+-------++-------
Melee: Hand axe          |    13 |       |       |       |       ||    13
       Great sword       |    20 |    24 |       |    78 |       ||   122
       Staff             |       |       |       |     1 |       ||     1
       Trident           |       |       |       |     9 |    24 ||    33
 Fire: Hand crossbow     |       |    60 |   405 |   118 |       ||   583
 Cast: Magic Dart        |    15 |    29 |       |   120 |       ||   164
       Call Imp          |     5 |       |       |       |       ||     5
       Conjure Flame     |     1 |     2 |     2 |    23 |     1 ||    29
       Mephitic Cloud    |       |     8 |    14 |    13 |       ||    35
       Iskenderun's Myst |       |       |       |   164 |     4 ||   168
       Blink             |       |       |       |     2 |       ||     2
       Fireball          |       |       |       |    63 |     9 ||    72
       Bolt of Fire      |       |       |       |       |    22 ||    22
Evoke: Wand              |       |     5 |       |    11 |     2 ||    18
       Staff of energy   |       |       |       |     2 |       ||     2
       Lightning rod     |       |       |       |     3 |       ||     3
  Use: Scroll            |       |     6 |     6 |     1 |       ||    13
 Stab: Confused          |       |     1 |       |       |       ||     1
       Paralysed         |       |       |       |       |     1 ||     1
Armor: Robe              |     6 |     2 |     9 |       |     9 ||    26
       Plate armour      |    22 |       |       |       |       ||    22
       Ring mail         |       |       |    63 |   146 |       ||   209
Dodge: Dodged            |    32 |    27 |   117 |   192 |    19 ||   387
       Rpst.: Great sword |     8 |     7 |       |    22 |       ||    37

Table legend:
 A = Spawn XP
 B = Non-spawn XP
 C = Spawn XP percentage of total XP
 D = Spawn monster count
 E = Non-spawn monster count
 F = Spawn count percentage of total count
 G = Total turns spent on level
                    A         B        C        D         E        F      G
               +---------+---------+-------+---------+---------+-------+---------
         Total |       0 |   45038 |   0.0 |       0 |     387 |   0.0 | 18752
               +---------+---------+-------+---------+---------+-------+---------
           D:1 |       0 |      41 |   0.0 |       0 |      19 |   0.0 |   955
           D:2 |       0 |      68 |   0.0 |       0 |      19 |   0.0 |   745
           D:3 |       0 |     427 |   0.0 |       0 |      23 |   0.0 |  1599
           D:4 |       0 |     685 |   0.0 |       0 |      28 |   0.0 |  2534
           D:5 |       0 |    1703 |   0.0 |       0 |      35 |   0.0 |  1820
           D:6 |       0 |    1567 |   0.0 |       0 |      32 |   0.0 |  1383
           D:7 |       0 |    2737 |   0.0 |       0 |      21 |   0.0 |   549
           D:8 |       0 |    3034 |   0.0 |       0 |      37 |   0.0 |  1378
           D:9 |       0 |    4600 |   0.0 |       0 |      38 |   0.0 |  1678
          D:10 |       0 |    4012 |   0.0 |       0 |      34 |   0.0 |  1166
          D:11 |       0 |    7018 |   0.0 |       0 |      31 |   0.0 |  1336
          D:12 |       0 |    8059 |   0.0 |       0 |      34 |   0.0 |  1390
          D:13 |       0 |    8781 |   0.0 |       0 |      30 |   0.0 |  1905
          D:14 |       0 |    2306 |   0.0 |       0 |       6 |   0.0 |    57
               +---------+---------+-------+---------+---------+-------+---------
